 Dungeon Crawl Stone Soup version 0.23.0 (webtiles) character file.

Game seed: 15998799635286498227

6009 inmateoo the Magician (level 10, -3/79 HPs)
             Began as a Gnoll Skald on Feb 8, 2019.
             Was an Elder of Cheibriados.
             Slain by a komodo dragon (19 damage)
             ... on level 9 of the Dungeon.
             The game lasted 00:11:29 (7522 turns).

inmateoo the Magician (Gnoll Skald)                 Turns: 7522, Time: 00:11:30

Health: -3/79      AC: 20    Str: 22    XL:     10   Next: 85%
Magic:  4/21       EV: 15    Int: 29    God:    Cheibriados [****..]
Gold:   381        SH:  0    Dex: 23    Spells: 9/24 levels left

rFire    . . .     SeeInvis .   y - +1 spear (pierce)
rCold    . . .     Gourm    .   (no shield)
rNeg     + . .     Faith    .   v - +0 pearl dragon scales
rPois    .         Spirit   .   a - +2 hat
rElec    .         Reflect  .   I - +2 cloak {+Inv}
rCorr    .         Harm     .   x - +0 pair of gloves
MR       ++...                  j - +0 pair of boots
Stlth    ++........             (no amulet)
HPRegen  0.23/turn              h - ring of protection from magic
MPRegen  0.17/turn              l - ring of protection from magic

@: singing, very slow
A: distributed training, fangs 1, strong nose
a: Bend Time, Temporal Distortion, Slouch, Renounce Religion, Evoke Invisibility


You were on level 9 of the Dungeon.
You worshipped Cheibriados.
Cheibriados was greatly pleased with you.
You were not hungry.

You visited 2 branches of the dungeon, and saw 10 of its levels.

You collected 478 gold pieces.
You spent 97 gold pieces at shops.

Inventory:

Hand Weapons
 r - a +1 scimitar of electrocution
 y - a +1 spear of piercing (weapon)
 D - a +2 mace of venom
Missiles
 e - 4 javelins (quivered)
Armour
 a - a +2 hat (worn)
 j - a +0 pair of boots (worn)
 v - +0 pearl dragon scales (worn)
 x - a +0 pair of gloves (worn)
 I - a +2 cloak of invisibility (worn)
Jewellery
 h - a ring of protection from magic (left hand)
 l - a ring of protection from magic (right hand)
 B - an uncursed ring of fire
Wands
 i - a wand of paralysis (3)
 s - a wand of flame (3)
 t - a wand of digging (5)
Scrolls
 b - 2 scrolls of fog
 f - 2 scrolls of magic mapping
 n - 3 scrolls of remove curse
 w - a scroll of identify
 H - 5 scrolls of teleportation
Potions
 d - 2 potions of agility {unknown}
 k - a potion of cancellation {unknown}
 m - 2 potions of heal wounds
 o - a potion of might {unknown}
 p - 3 potions of haste {unknown}
 q - 3 potions of invisibility
 u - a potion of resistance
 z - a potion of magic
 A - 2 potions of curing
 C - a potion of lignification
 F - 2 potions of mutation
 G - 2 potions of brilliance
Comestibles
 c - 17 rations


   Skills:
 + Level 7.3 Fighting
 + Level 5.5 Short Blades
 + Level 5.5 Long Blades
 + Level 5.5 Axes
 + Level 5.5 Maces & Flails
 + Level 5.5 Polearms
 + Level 5.5 Staves
 + Level 5.5 Slings
 + Level 5.5 Bows
 + Level 5.5 Crossbows
 + Level 5.5 Throwing
 + Level 6.2 Armour
 + Level 7.3 Dodging
 + Level 5.5 Stealth
 + Level 5.5 Shields
 + Level 7.3 Unarmed Combat
 + Level 7.6 Spellcasting
 + Level 4.6 Conjurations
 + Level 4.6 Hexes
 + Level 7.2 Charms
 + Level 4.6 Summonings
 + Level 4.6 Necromancy
 + Level 4.6 Translocations
 + Level 4.6 Transmutations
 + Level 4.6 Fire Magic
 + Level 4.6 Ice Magic
 + Level 4.6 Air Magic
 + Level 4.6 Earth Magic
 + Level 4.6 Poison Magic
 + Level 6.1 Invocations
 + Level 5.5 Evocations


You had 9 spell levels left.
You knew the following spells:

 Your Spells              Type           Power        Failure   Level  Hunger
a - Infusion              Chrm           ####         1%          1    None
b - Song of Slaying       Chrm           ######..     1%          2    None
c - Shroud of Golubria    Chrm/Tloc      #####.....   1%          2    None
d - Regeneration          Chrm/Necr      #####.....   3%          3    None
e - Spectral Weapon       Hex/Chrm       #####...     3%          3    None
f - Summon Lightning Spi  Summ/Air       #####...     21%         4    ##.....

Your spell library contained the following spells:

 Spells                   Type           Power        Failure   Level  Hunger
 Animate Skeleton         Necr           N/A          1%          1    None
 Apportation              Tloc           #####.       1%          1    None
 Confusing Touch          Hex            #####.       1%          1    None
 Summon Small Mammal      Summ           ####         1%          1    None
 Call Imp                 Summ           #####...     3%          2    None
 Call Canine Familiar     Summ           #####...     6%          3    None
 Summon Guardian Golem    Hex/Summ       #####...     6%          3    None
 Summon Ice Beast         Ice/Summ       #####...     21%         4    ##.....


Dungeon Overview and Level Annotations

Branches:
Dungeon (9/15)             Temple (1/1) D:4
   Lair: D:8-11         Orc: D:9-12

Altars:
Ashenzari
Cheibriados
Dithmenos
Elyvilon
Fedhas
Makhleb
Nemelex Xobeh
Okawaru
Qazlal
Ru
Trog
Uskayaw
Wu Jian
Xom
Yredelemnul

Shops:
D:4 %   D:5 :}   D:6 }   D:7 *   D:8 (


Innate Abilities, Weirdness & Mutations

Your experience applies equally to all skills.
You have very sharp teeth.
Your uncanny sense of smell can sniff out nearby items.


Message History

Really harm near your spectral weapon?
You can feel time thicken for a moment.
Your spectral weapon fades away.
You kill the steam dragon!
Cheibriados thoroughly appreciates the change of pace.
You can now step out of the flow of time.
Cheibriados raises the support of your attributes as your movement slows.
You feel somewhat more hungry.
You can no longer step out of the flow of time.
Cheibriados lowers the support of your attributes as your movement quickens.
The basilisk bites you but does no damage.
The komodo dragon bites you but does no damage.
Unknown command.
Unknown command.
You can feel time thicken for a moment.
You kill the basilisk!
Cheibriados thoroughly appreciates the change of pace.
You feel somewhat more hungry.
Cheibriados lowers the support of your attributes as your movement quickens.
The komodo dragon bites you!!
You die...

∆ ## #.## ### ##....
∆..##∆#...... #### ##.##.......
##.### ######........... ..##.#
#.#......@l......
#....###........†#####.. ∆
##.........###.#.#
#.##########§.### ∆ ##### ###
####### ### ### ....# #.##
#.....# #.# #'## ....###..##
#.#...###'###### #.#.
....#.....###.#............###.#.
..........+.#.###..<...........#.


You could see a komodo dragon.

Vanquished Creatures
  A two-headed ogre (D:8)
  Pikel (D:8)
  Maurice (D:8)
  A human (D:8)
  2 wyverns (D:9)
  A basilisk (D:9)
  4 hogs (D:8)
  A steam dragon (D:9)
  A water moccasin (D:5)
  5 orc warriors
  2 phantoms (D:7)
  A centaur (D:6)
  3 ogres
  A crocodile (D:9)
  2 bullfrogs
  4 scorpions
  9 wights
  3 crimson imps
  3 bullfrog zombies
  2 quasits
  A centaur zombie (D:5)
  Crazy Yiuf (D:6)
  A centaur skeleton (D:5)
  6 hounds
  11 orc wizards
  8 orc priests
  A bullfrog skeleton (D:7)
  2 iguanas
  7 worker ants
  A hound skeleton (D:4)
  A worker ant zombie (D:9)
  7 adders
  9 gnolls
  3 shadow imps
  2 adder skeletons
  A worm (D:2)
  4 dart slugs
  5 leopard geckos
  32 orcs
  3 ball pythons
  3 giant cockroaches
  3 goblins (D:1)
  3 hobgoblins (D:3)
  8 jackals
  3 quokkas
  5 bats
  6 frilled lizards
  A jackal zombie (D:8)
  8 kobolds
  A quokka zombie (D:9)
  5 rats
  A spectral weapon (D:9)
201 creatures vanquished.

Vanquished Creatures (others)
  2 spectral weapons (D:8)
2 creatures vanquished.

Grand Total: 203 creatures vanquished

Notes
Turn   | Place    | Note
-------+----------+-------------------------------------------
     0 | D:1      | inmateoo the Gnoll Skald began the quest for the Orb.
     0 | D:1      | Reached XP level 1. HP: 20/20 MP: 6/6
   282 | D:1      | Reached XP level 2. HP: 14/26 MP: 7/7
   681 | D:1      | Reached XP level 3. HP: 31/31 MP: 9/9
   915 | D:2      | Learned a level 2 spell: Song of Slaying
   918 | D:2      | Learned a level 2 spell: Shroud of Golubria
   922 | D:2      | Learned a level 3 spell: Regeneration
   926 | D:2      | Learned a level 3 spell: Spectral Weapon
   968 | D:2      | Reached skill level 5 in Spellcasting
  1032 | D:2      | Reached skill level 1 in Invocations
  1300 | D:2      | Reached skill level 1 in Short Blades
  1300 | D:2      | Reached skill level 1 in Long Blades
  1300 | D:2      | Reached skill level 1 in Axes
  1300 | D:2      | Reached skill level 1 in Maces & Flails
  1300 | D:2      | Reached skill level 1 in Polearms
  1300 | D:2      | Reached skill level 1 in Staves
  1300 | D:2      | Reached skill level 1 in Slings
  1300 | D:2      | Reached skill level 1 in Bows
  1300 | D:2      | Reached skill level 1 in Crossbows
  1300 | D:2      | Reached skill level 1 in Throwing
  1300 | D:2      | Reached skill level 1 in Stealth
  1300 | D:2      | Reached skill level 1 in Shields
  1300 | D:2      | Reached skill level 1 in Evocations
  1300 | D:2      | Reached XP level 4. HP: 10/38 MP: 11/11
  1840 | D:3      | Reached skill level 1 in Conjurations
  1840 | D:3      | Reached skill level 1 in Hexes
  1840 | D:3      | Reached skill level 1 in Summonings
  1840 | D:3      | Reached skill level 1 in Necromancy
  1840 | D:3      | Reached skill level 1 in Translocations
  1840 | D:3      | Reached skill level 1 in Transmutations
  1840 | D:3      | Reached skill level 1 in Fire Magic
  1840 | D:3      | Reached skill level 1 in Ice Magic
  1840 | D:3      | Reached skill level 1 in Air Magic
  1840 | D:3      | Reached skill level 1 in Earth Magic
  1840 | D:3      | Reached skill level 1 in Poison Magic
  2193 | D:3      | Found an iron altar of Okawaru.
  2287 | D:3      | Reached XP level 5. HP: 42/43 MP: 12/12
  2396 | D:3      | Found a basalt altar of Yredelemnul.
  2692 | D:3      | Found a shadowy altar of Dithmenos.
  2897 | D:4      | Reached XP level 6. HP: 29/50 MP: 13/13
  3048 | D:4      | Found Saco's Food Emporium.
  3052 | D:4      | Found a staircase to the Ecumenical Temple.
  3073 | Temple   | Entered the Ecumenical Temple
  3124 | Temple   | Became a worshipper of Cheibriados the Contemplative
  3153 | D:4      | Reached skill level 5 in Fighting
  3153 | D:4      | Reached skill level 5 in Dodging
  3153 | D:4      | Reached skill level 5 in Unarmed Combat
  3350 | D:4      | Learned a level 4 spell: Summon Lightning Spire
  3367 | D:4      | Found a burning altar of Makhleb.
  3367 | D:4      | Noticed a balrug
  3370 | D:4      | Noticed a smoke demon
  3370 | D:4      | Noticed a neqoxec
  3699 | D:5      | Entered Level 5 of the Dungeon
  3699 | D:5      | Found Bivoger's Gadget Emporium.
  3701 | D:5      | Found a sparkling altar of Nemelex Xobeh.
  3892 | D:5      | Reached XP level 7. HP: 41/56 MP: 15/15
  4014 | D:5      | Found Foun's Book Shop.
  4204 | D:5      | Reached * piety under Cheibriados
  4455 | D:5      | Reached XP level 8. HP: 63/63 MP: 16/16
  4700 | D:6      | Reached ** piety under Cheibriados
  4771 | D:6      | Found Laringo's Gadget Emporium.
  5192 | D:6      | Reached XP level 9. HP: 49/69 MP: 11/18
  5442 | D:6      | Found a runed translucent door.
  5443 | D:6      | Noticed Crazy Yiuf
  5454 | D:6      | Paralysed by Crazy Yiuf for 2 turns
  5457 | D:6      | Killed Crazy Yiuf
  5792 | D:7      | Found Ucseente's Assorted Antiques.
  5829 | D:7      | Found a bloodstained altar of Trog.
  5842 | D:7      | Reached *** piety under Cheibriados
  5864 | D:7      | Bought a potion of curing for 75 gold pieces
  5864 | D:7      | Bought a black potion for 22 gold pieces
  5961 | D:7      | Reached skill level 5 in Armour
  6362 | D:8      | Noticed Maurice
  6421 | D:8      | Reached **** piety under Cheibriados
  6440 | D:8      | Killed Maurice
  6440 | D:8      | Reached skill level 5 in Invocations
  6730 | D:8      | Found a white marble altar of Elyvilon.
  6734 | D:8      | Noticed Pikel
  6764 | D:8      | Killed Pikel
  6764 | D:8      | Reached XP level 10. HP: 77/77 MP: 14/20
  6844 | D:8      | Noticed a two-headed ogre
  6852 | D:8      | Killed a two-headed ogre
  6852 | D:8      | Reached skill level 5 in Short Blades
  6852 | D:8      | Reached skill level 5 in Long Blades
  6852 | D:8      | Reached skill level 5 in Axes
  6852 | D:8      | Reached skill level 5 in Maces & Flails
  6852 | D:8      | Reached skill level 5 in Polearms
  6852 | D:8      | Reached skill level 5 in Staves
  6852 | D:8      | Reached skill level 5 in Slings
  6852 | D:8      | Reached skill level 5 in Bows
  6852 | D:8      | Reached skill level 5 in Crossbows
  6852 | D:8      | Reached skill level 5 in Throwing
  6852 | D:8      | Reached skill level 5 in Stealth
  6852 | D:8      | Reached skill level 5 in Shields
  6852 | D:8      | Reached skill level 5 in Evocations
  6870 | D:8      | Found Plog's Weapon Shop.
  6949 | D:8      | Found an ornate altar of the Wu Jian Council.
  7521 | D:9      | Reached ***** piety under Cheibriados
  7522 | D:9      | Slain by a komodo dragon

Skill      XL: |  1  2  3  4  5  6  7  8  9 10 |
---------------+-------------------------------+-----
Spellcasting   | 5 6 7 |  7.6
Invocations    | 1 2 3 4 5 6 |  6.1
Short Blades   | 1 2 3 4 5 |  5.5
Long Blades    | 1 2 3 4 5 |  5.5
Axes           | 1 2 3 4 5 |  5.5
Maces & Flails | 1 2 3 4 5 |  5.5
Polearms       | 1 2 3 4 5 |  5.5
Staves         | 1 2 3 4 5 |  5.5
Slings         | 1 2 3 4 5 |  5.5
Bows           | 1 2 3 4 5 |  5.5
Crossbows      | 1 2 3 4 5 |  5.5
Throwing       | 1 2 3 4 5 |  5.5
Stealth        | 1 2 3 4 5 |  5.5
Shields        | 1 2 3 4 5 |  5.5
Evocations     | 1 2 3 4 5 |  5.5
Conjurations   | 1 2 3 4 |  4.6
Hexes          | 1 2 3 4 |  4.6
Summonings     | 1 2 3 4 |  4.6
Necromancy     | 1 2 3 4 |  4.6
Translocations | 1 2 3 4 |  4.6
Transmutations | 1 2 3 4 |  4.6
Fire Magic     | 1 2 3 4 |  4.6
Ice Magic      | 1 2 3 4 |  4.6
Air Magic      | 1 2 3 4 |  4.6
Earth Magic    | 1 2 3 4 |  4.6
Poison Magic   | 1 2 3 4 |  4.6
Armour         | 3 4 5 6 |  6.2
Fighting       | 5 6 7 |  7.3
Dodging        | 5 6 7 |  7.3
Unarmed Combat | 5 6 7 |  7.3
Charms         | 6 7 |  7.2

Action                   |  1- 3 |  4- 6 |  7- 9 | 10-12 || total
-------------------------+-------+-------+-------+-------++-------
Melee: Unarmed           |    77 |       |       |       ||    77
       Bite              |    16 |    20 |    68 |    23 ||   127
       Whip              |    43 |   171 |   178 |       ||   392
       Punch             |     1 |     1 |    14 |     6 ||    22
       Mace              |       |       |   185 |       ||   185
       Spear             |       |       |    98 |   141 ||   239
Throw: Javelin           |       |     3 |       |       ||     3
 Cast: Regeneration      |       |       |    15 |     7 ||    22
       Spectral Weapon   |       |       |    17 |     7 ||    24
       Shroud of Golubri |       |       |     1 |     2 ||     3
       Song of Slaying   |       |       |       |     2 ||     2
Invok: Slouch            |       |       |       |     2 ||     2
  Use: Potion            |     2 |     1 |       |       ||     3
       Scroll            |       |       |    12 |     1 ||    13
 Stab: Sleeping          |     4 |       |       |       ||     4
       Distracted        |       |       |       |     3 ||     3
  Eat: Chunk             |     1 |     8 |     3 |     3 ||    15
       Ration            |       |       |     1 |       ||     1
Armor: Leather armour    |    27 |     2 |       |       ||    29
       Pearl dragon scal |       |    84 |   244 |    48 ||   376
Dodge: Dodged            |    99 |   124 |   367 |   111 ||   701
